 Dungeon Crawl Stone Soup version 0.23.1-44-gbd83930989 (webtiles) character file.

Game seed: 15615706749083256037

149 CrazyMind the Grave Robber (level 5, 0/36 HPs)
             Began as a Demonspawn Necromancer on Mar 31, 2019.
             Slain by Crazy Yiuf
             ... wielding a +3 quarterstaff of chaos
              (10 damage)
             ... on level 3 of the Dungeon.
             The game lasted 00:14:08 (3434 turns).

CrazyMind the Grave Robber (Demonspawn Necromancer) Turns: 3434, Time: 00:14:09

Health: 0/36       AC:  3    Str:  8    XL:     5   Next: 9%
Magic:  7/10       EV: 12    Int: 17    God:
Gold:   102        SH:  0    Dex: 14    Spells: 2/10 levels left

rFire    . . .     SeeInvis .   k - +2 whip (venom)
rCold    . . .     Gourm    .   (no shield)
rNeg     . . .     Faith    .   a - +0 robe
rPois    .         Spirit   .   (no helmet)
rElec    .         Reflect  .   s - +0 cloak
rCorr    .         Harm     .   (no gloves)
MR       .....                  (no boots)
Stlth    +++.......             (no amulet)
HPRegen  0.12/turn              (no ring)
MPRegen  0.12/turn              (no ring)

@: confused, very slightly contaminated, invisible
A: hooves 1, nightstalker 2
a: no special abilities


You were on level 3 of the Dungeon.
You were not hungry.

You visited 1 branch of the dungeon, and saw 3 of its levels.

You collected 102 gold pieces.

Inventory:

Hand Weapons
 b - a +0 short sword of electrocution
 k - a +2 whip of venom (weapon)
 v - a +0 whip
Missiles
 i - a throwing net (quivered)
 y - 3 tomahawks
Armour
 a - a +0 robe (worn)
 p - a +0 leather armour
 s - a +0 cloak (worn)
 u - a +0 ring mail
Wands
 h - a wand of flame (14)
Scrolls
 d - a scroll of noise {unknown}
 f - a scroll of random uselessness {unknown}
 l - 4 scrolls of teleportation {unknown}
 m - a scroll of immolation {unknown}
 n - a scroll of fog {unknown}
 q - 2 scrolls of identify {unknown}
 w - 2 scrolls of remove curse {unknown}
Potions
 e - a potion of mutation {unknown}
 g - a potion of brilliance {unknown}
 j - a potion of curing {unknown}
 o - 3 potions of heal wounds {unknown}
 r - a potion of haste
 x - a potion of might {unknown}
 z - a potion of degeneration {unknown}
 A - a potion of flight {unknown}
Comestibles
 c - 8 rations


   Skills:
 + Level 0.6 Fighting
 + Level 2.2 Dodging
 - Level 1.7 Stealth
 + Level 3.3 Spellcasting
 + Level 0.1 Charms
 + Level 5.8 Necromancy


You had 2 spell levels left.
You knew the following spells:

 Your Spells              Type           Power        Failure   Level  Hunger
a - Pain                  Necr           ###.         1%          1    None
b - Animate Skeleton      Necr           N/A          1%          1    None
c - Vampiric Draining     Necr           ###.......   4%          3    ###....
d - Regeneration          Chrm/Necr      ##........   16%         3    ###....

Your spell library contained the following spells:

 Spells                   Type           Power        Failure   Level  Hunger
 Animate Dead             Necr           N/A          16%         4    ####...


Dungeon Overview and Level Annotations

Branches:
Dungeon (3/15)

Altars:
Dithmenos
Zin
The Shining One

Annotations:
D:1 exclusion: downstairs
D:3 Crazy Yiuf


Innate Abilities, Weirdness & Mutations

You have large cloven feet.
You are significantly more attuned to the shadows.


Message History

Crazy Yiuf is severely wounded.
You feel life coursing into your body.
Crazy Yiuf hits you with a +3 quarterstaff of chaos!
* * * LOW HITPOINT WARNING * * *
You are confused.
You barely miss Crazy Yiuf. You kick Crazy Yiuf, but do no damage.
Crazy Yiuf is severely wounded.
Crazy Yiuf barely misses you.
Crazy Yiuf hits you with a +3 quarterstaff of chaos.
* * * LOW HITPOINT WARNING * * *
You closely miss Crazy Yiuf.
Crazy Yiuf is severely wounded.
Crazy Yiuf hits you with a +3 quarterstaff of chaos.
* * * LOW HITPOINT WARNING * * *
You fade into invisibility!
You are very lightly contaminated with residual magic.
You hit Crazy Yiuf but do no damage.
Crazy Yiuf is poisoned.
Crazy Yiuf is severely wounded.
Crazy Yiuf hits you with a +3 quarterstaff of chaos!
You die...

##.####.##..........#
####..## ...#
#.#.(.((####### #...#
#### #.(......# #.<.# #
#.....#### ###.# #
#.....# #.# # #.#...#
#.## #.##..# #####
####..# #.##### #)..###
##..#..# #.#
#g@.'.####......#
#.#####
#...##..#......##
#.....#
########.#...###
####### #######
################# ###
#......[........# #.#
#.########.)###Z####.##
#.# #..# #.Z.....#


You could see Crazy Yiuf.

Vanquished Creatures
  Ijyb (D:3)
  Terence (D:2)
  3 adders
  An ooze (D:3)
  A worm (D:2)
  4 dart slugs
  4 leopard geckos
  An orc (D:3)
  A giant cockroach (D:3)
  5 goblins
  A hobgoblin (D:2)
  A jackal (D:1)
  3 quokkas
  3 ball pythons (D:2)
  4 bats
  5 frilled lizards
  7 kobolds
  4 rats (D:1)
50 creatures vanquished.

Vanquished Creatures (collateral kills)
  2 bats (D:1)
  A goblin (D:1)
  3 hobgoblins
  A jackal (D:1)
  A rat (D:2)
8 creatures vanquished.

Grand Total: 58 creatures vanquished

Notes
Turn   | Place    | Note
-------+----------+-------------------------------------------
     0 | D:1      | CrazyMind the Demonspawn Necromancer began the quest for
                  | the Orb.
     0 | D:1      | Reached XP level 1. HP: 13/13 MP: 3/3
     2 | D:1      | Learned a level 1 spell: Animate Skeleton
   237 | D:1      | Gained mutation: You have large cloven feet. [demonic
                  | ancestry]
   237 | D:1      | Reached XP level 2. HP: 17/19 MP: 5/5
   333 | D:1      | Reached skill level 5 in Necromancy
  1678 | D:1      | Gained mutation: You are slightly more attuned to the
                  | shadows. [demonic ancestry]
  1678 | D:1      | Reached XP level 3. HP: 23/24 MP: 3/6
  1703 | D:1      | Learned a level 3 spell: Vampiric Draining
  1715 | D:2      | Noticed Terence
  1934 | D:2      | Killed Terence
  1934 | D:2      | Gained mutation: You are significantly more attuned to the
                  | shadows. [demonic ancestry]
  1934 | D:2      | Reached XP level 4. HP: 27/31 MP: 2/8
  2620 | D:2      | Learned a level 3 spell: Regeneration
  2826 | D:3      | Noticed Ijyb
  2841 | D:3      | Killed Ijyb
  2991 | D:3      | Reached XP level 5. HP: 36/36 MP: 9/9
  3021 | D:3      | Found a shadowy altar of Dithmenos.
  3024 | D:3      | Found a glowing golden altar of the Shining One.
  3031 | D:3      | Found a glowing silver altar of Zin.
  3422 | D:3      | Found a runed translucent door.
  3424 | D:3      | Noticed Crazy Yiuf
  3434 | D:3      | Slain by Crazy Yiuf

Skill      XL: |  1  2  3  4 |
---------------+-------------+-----
Necromancy     | 5 |  5.8
Dodging        | 2 |  2.2
Spellcasting   | 3 |  3.3
Fighting       | |  0.6
Stealth        | |  1.7
Charms         | |  0.1

Action                   |  1- 3 |  4- 6 || total
-------------------------+-------+-------++-------
Melee: Short sword       |    22 |       ||    22
       Whip              |    30 |    54 ||    84
       Kick              |     4 |    11 ||    15
 Cast: Animate Skeleton  |    14 |    14 ||    28
       Pain              |    21 |     8 ||    29
       Regeneration      |       |     2 ||     2
       Vampiric Draining |       |     1 ||     1
 Stab: Sleeping          |     4 |     6 ||    10
  Eat: Chunk             |     4 |     6 ||    10
Armor: Robe              |    15 |     7 ||    22
Dodge: Dodged            |    37 |    29 ||    66
